 Dungeon Crawl Stone Soup version 0.26.0-10-g1f06aea511 (webtiles) character file.

Game seed: 5426133922746961529

23 sanka the Covert (level 2, -4/28 HPs)
             Began as a Naga Delver on Jan 20, 2021.
             Slain by a worker ant (6 damage)
             ... on level 5 of the Dungeon.
             The game lasted 00:00:46 (362 turns).

sanka the Covert (Naga Delver)                       Turns: 362, Time: 00:00:46

Health: -4/28      AC:  2    Str: 14    XL:     2   Next: 95%
Magic:  2/2        EV:  9    Int: 10    God:
Gold:   32         SH:  0    Dex: 12    Spells: 1/1 levels left

rFire    . . .     SeeInvis +   a - +0 hand axe
rCold    . . .     Faith    .   (no shield)
rNeg     . . .     Spirit   .   b - +0 leather armour
rPois    +         Reflect  .   (no helmet)
rElec    .         Harm     .   (no cloak)
rCorr    .         Rampage  .   (no gloves)
Will     .....                  (no barding)
Stlth    +++.......             (no amulet)
HPRegen  0.09/turn              (no ring)
MPRegen  0.08/turn              (no ring)

@: short of breath, very slow
A: large, see invisible, deformed body, poison resistance, slowness 2, spit
poison 1, AC +0
a: Spit Poison


You were on level 5 of the Dungeon.
You visited 1 branch of the dungeon, and saw 2 of its levels.

You collected 32 gold pieces.


Innate Abilities, Weirdness & Mutations

You cannot wear boots.
Your serpentine skin is tough. (AC +0)
You have supernaturally acute eyesight. (SInv)
Armour fits poorly on your strangely shaped body.
Your system is resistant to poisons. (rPois)
You cover ground very slowly.
You can spit poison.


   Skills:
 + Level 3.4 Fighting
 - Level 2.0 Axes
 - Level 1.5 Dodging
 - Level 8.0 Stealth


You had one spell level left.
You didn't know any spells.
Your spell library was empty.

Inventory:

Hand Weapons
 a - a +0 hand axe (weapon)
Armour
 b - a +0 leather armour (worn)
Wands
 g - a wand of digging (3)
Scrolls
 c - a scroll of fog
 d - a scroll of magic mapping
 e - a scroll of fear
 h - a scroll of identify {unknown}
 i - a scroll of immolation {unknown}
Potions
 f - 2 potions of haste {@q3}

Dungeon Overview and Level Annotations

Branches:
Dungeon (5/15)
 Temple: D:4-7

Altars:

Annotations:
D:4 Eustachio

...... ▒......
....... ..... ▒
.... .. ..▒
...▒▒▒▒▒▒▒▒▒..▒
...........N..▒
▒[........B.▒▒
▒.......<....▒
▒▒▒▒▒▒▒▒.▒...▒..
...▒...▒.▒
▒▒▒.▒...▒.▒
▒▒▒▒▒▒...▒.▒
..........▒.▒
▒▒▒▒▒▒▒▒..▒.▒


You could see a worker ant.


Message History

There is a stone staircase leading up here.
Use which ability? (? or * to list)
Aim: a worker ant The splash of poison hits the worker ant.
The worker ant is poisoned.
The worker ant is lightly wounded.
The worker ant barely misses you.
You hit the worker ant.
The worker ant is moderately wounded.
The worker ant bites you.
* * * LOW HITPOINT WARNING * * *
You hit the worker ant.
The worker ant is moderately wounded.
The worker ant barely misses you. The worker ant barely misses you.
You closely miss the worker ant.
The worker ant is heavily wounded.
The worker ant bites you.
* * * LOW HITPOINT WARNING * * *
The worker ant bites you.
* * * LOW HITPOINT WARNING * * *
You have got your breath back.
The worker ant looks more healthy.
The worker ant bites you.
* * * LOW HITPOINT WARNING * * *
Use which ability? (? or * to list)
Aim: a worker ant (almost dead)
The splash of poison misses the worker ant.
The worker ant bites you.
You die...

Action                   || total
-------------------------++-------
Melee: Hand axe          ||     3
 Abil: Spit Poison       ||     5
Armor: Leather armour    ||     9
Dodge: Dodged            ||    21

Levels and vault maps discovered:
D:4:      layout_loops_corners, nicolae_overflow_crystal_walls, temple_pool_b,
          ebering_ghost_inner_flame, uniq_eustachio, uniq_grinder
D:5:      layout_basic, makhleb_blood_cavern_becter, kennysheep_mini,
          elyvilon_altar_5

Notes
Turn   | Place    | Note
-------+----------+-------------------------------------------
     0 | D:5      | sanka the Naga Delver began the quest for the Orb.
     0 | D:5      | Reached XP level 1. HP: 21/21 MP: 1/1
    23 | D:5      | Noticed a worker ant
    66 | D:4      | Noticed a worker ant
    74 | D:4      | Killed a worker ant
    75 | D:4      | Reached skill level 8 in Stealth
    75 | D:4      | Reached XP level 2. HP: 6/28 MP: 2/2
   315 | D:4      | Noticed Eustachio
   361 | D:5      | HP: 2/28 [worker ant (3)]
   362 | D:5      | Slain by a worker ant

Vanquished Creatures
  A worker ant (D:4)
1 creature vanquished.

Table legend: (Time is in decaauts)
 A = Elapsed time spent in this place.
 B = Non-inter-level travel time spent in this place.
 C = Inter-level travel time spent in this place.
 D = Time resting spent in this place.
 E = Time spent auto-exploring this place.
 F = Levels seen in this place.
 G = Mean time per level.
                   A        B        C        D        E       F      G
               +--------+--------+--------+--------+--------+-----+--------+
         Total |    406 |    404 |      2 |    236 |     81 |   2 |  203.0 |
       Dungeon |    406 |    404 |      2 |    236 |     81 |   2 |  203.0 |
               +--------+--------+--------+--------+--------+-----+--------+

Top non-repeatable levels by time:
     D:4: 365 daAuts
     D:5: 40 daAuts
